 Dungeon Crawl Stone Soup version 0.23-b1-6-ga921848b48 (webtiles) character file.

Game seed: 12376126431923036765

247 Infinimo the Digger (level 6, -9/32 HPs)
             Began as a Gargoyle Earth Elementalist on Feb 2, 2019.
             Mangled by an orc warrior
             ... wielding a +0 dire flail
              (13 damage)
             ... on level 3 of the Dungeon.
             The game lasted 00:05:42 (3096 turns).

Infinimo the Digger (Gargoyle Earth Elementalist)   Turns: 3096, Time: 00:05:42

Health: -9/32      AC:  7    Str: 11    XL:     6   Next: 11%
Magic:  5/10       EV: 12    Int: 18    God:
Gold:   119        SH:  0    Dex: 10    Spells: 7/11 levels left

rFire    . . .     SeeInvis .   e - +0 dagger
rCold    . . .     Gourm    .   (no shield)
rNeg     + . .     Faith    .   c - +0 robe
rPois    ∞         Spirit   .   a - +0 helmet
rElec    +         Reflect  .   (no cloak)
rCorr    .         Harm     .   (no gloves)
MR       .....                  (no boots)
Stlth    ++........             (no amulet)
HPRegen  0.10/turn              (no ring)
MPRegen  0.12/turn              (no ring)

@: no status effects
A: negative energy resistance 1, electricity resistance, unbreathing,
petrification resistance, rot immunity, AC +4
a: no special abilities


You were on level 3 of the Dungeon.
You were hungry.

You visited 1 branch of the dungeon, and saw 3 of its levels.

You collected 119 gold pieces.

Inventory:

Hand Weapons
 e - a +0 dagger (weapon)
Missiles
 b - 15 stones (quivered)
Armour
 a - a +0 helmet (worn)
 c - a +0 robe (worn)
Scrolls
 j - 2 scrolls of identify
 l - a scroll of remove curse
Potions
 f - a potion of brilliance
 o - 2 potions of ambrosia
Comestibles
 d - 9 rations


   Skills:
 - Level 1.5 Dodging
 - Level 2.1 Stealth
 + Level 3.1 Spellcasting
 * Level 3.3 Conjurations
   Level 0.7 Transmutations
 * Level 6.0 Earth Magic


You had 7 spell levels left.
You knew the following spells:

 Your Spells              Type           Power        Failure   Level  Hunger
a - Sandblast             Erth           ###...       1%          1    None
b - Stone Arrow           Conj/Erth      ###...       7%          3    ###....

Your spell library contained the following spells:

 Spells                   Type           Power        Failure   Level  Hunger
 Passwall                 Tmut/Erth      ###.....     6%          2    ##.....
 Petrify                  Tmut/Erth      ###.....     36%         4    ####...
 Lee's Rapid Deconstruct  Erth           ###.......   36%         5    ######.


Dungeon Overview and Level Annotations

Branches:
Dungeon (3/15)

Altars:
Qazlal
Xom

Annotations:
D:3 Natasha, Terence


Innate Abilities, Weirdness & Mutations

You are resistant to torment.
Your stone body is resilient. (AC +4)
You are immune to poison.
You resist negative energy. (rN+)
You are resistant to electric shocks. (rElec)
You can survive without breathing.
You are immune to petrification.
You are immune to rotting.


Message History

Confirm with . or Enter, or press ? or * to list all spells.
Aiming: Sandblast (safe; 1% risk of failure)
Press: ? - help, Shift-Dir - straight line, f/p - adder
Aim: an adder The blast of sand hits the adder!
You kill the adder!
b - 15 stones You open the door.
Natasha, Servant of Life and Death comes into view.
There is an open door here.
Natasha hisses angrily.
You are feeling hungry.
Natasha growls.
Natasha casts a spell at you. The magic dart hits you!
* * * LOW HITPOINT WARNING * * *
Natasha casts a spell.
There is a stone staircase leading up here.
The orc warrior hits you with a +0 dire flail!
You die...

...#
#..>h...##............
)..#
#.......##............#
...#
#......5##............#
..####
#...o..o##............#
......
#.#'####o.............#
..... #.#
##..........≈...# ...#
#.# #.........≈.....#
...#######.#
#..o.......≈≈...#
...#.....o.#
#.#@####+.≈≈..##
.o.#o####### #.#.#
#......# ...#...#
#.#.####.#≈..##
..o###.# ###
#.#......###.# ##.o†..#
#.# #.##########.##
#########.###.
.........# #.........#
########.# #.######.###
#.# #..........#
#####.#


You could see an orc warrior, an orc wizard, a white imp and an orc.

Vanquished Creatures
  A hound (D:2)
  An orc priest (D:3)
  Jessica (D:2)
  Natasha (D:3)
  4 gnolls (D:2)
  4 adders
  A worm (D:2)
  2 dart slugs (D:2)
  A leopard gecko (D:1)
  8 bats
  A giant cockroach (D:2)
  7 goblins
  6 hobgoblins
  9 jackals
  6 frilled lizards
  4 kobolds
  3 rats (D:1)
60 creatures vanquished.

Notes
Turn   | Place    | Note
-------+----------+-------------------------------------------
     0 | D:1      | Infinimo the Gargoyle Earth Elementalist began the quest
                  | for the Orb.
     0 | D:1      | Reached XP level 1. HP: 10/10 MP: 3/3
   204 | D:1      | Reached skill level 4 in Earth Magic
   387 | D:1      | Reached XP level 2. HP: 3/15 MP: 1/5
  1266 | D:1      | Reached XP level 3. HP: 19/19 MP: 1/6
  1316 | D:1      | Learned a level 3 spell: Stone Arrow
  1724 | D:2      | Reached skill level 1 in Conjurations
  1730 | D:2      | Reached skill level 5 in Earth Magic
  1730 | D:2      | Reached XP level 4. HP: 24/24 MP: 0/7
  1750 | D:2      | Noticed Jessica
  1802 | D:2      | Killed Jessica
  2044 | D:2      | Reached XP level 5. HP: 28/28 MP: 2/9
  2621 | D:2      | Found a shimmering altar of Xom.
  2663 | D:2      | Found a stormy altar of Qazlal.
  2820 | D:3      | Noticed Terence
  2950 | D:3      | Noticed Natasha
  2955 | D:3      | Killed Natasha
  3043 | D:3      | Reached skill level 6 in Earth Magic
  3043 | D:3      | Reached XP level 6. HP: 11/32 MP: 3/10
  3061 | D:3      | Noticed an orc warrior
  3085 | D:3      | Noticed Natasha
  3096 | D:3      | Mangled by an orc warrior

Skill      XL: |  1  2  3  4  5 |
---------------+----------------+-----
Earth Magic    | 4 5 6 |  6.0
Conjurations   | 1 2 3 |  3.3
Spellcasting   | 3 |  3.1
Dodging        | |  1.5
Stealth        | |  2.1
Transmutations | |  0.7

Action                   |  1- 3 |  4- 6 || total
-------------------------+-------+-------++-------
Melee: Unarmed           |    29 |       ||    29
       Dagger            |    44 |     4 ||    48
 Cast: Sandblast         |    40 |    16 ||    56
       Stone Arrow       |       |    21 ||    21
  Use: Scroll            |       |     5 ||     5
       Potion            |       |     4 ||     4
  Eat: Chunk             |     3 |     6 ||     9
Armor: Robe              |    47 |    28 ||    75
Dodge: Dodged            |    68 |    50 ||   118
